 Dungeon Crawl Stone Soup version 0.23-a0-435-g79ed067 (webtiles) character file.

121 galech the Skirmisher (level 4, -2/35 HPs)
             Began as a Demonspawn Fighter on Nov 15, 2018.
             Was an Initiate of Okawaru.
             Slain by a gnoll
             ... wielding a +0 halberd
              (7 damage)
             ... on level 3 of the Dungeon.
             The game lasted 00:02:44 (1666 turns).

galech the Skirmisher (Demonspawn Fighter)          Turns: 1666, Time: 00:02:46

Health: -2/35      AC:  7    Str: 21    XL:     4   Next: 76%
Magic:  0/13       EV:  7    Int: 10    God:    Okawaru [......]
Gold:   159        SH:  9    Dex: 13    Spells: 3/3 levels left

rFire    . . .     SeeInvis .   a - +0 war axe
rCold    . . .     Gourm    .   c - +0 shield
rNeg     . . .     Faith    .   b - +0 scale mail
rPois    .         Spirit   +   (helmet restricted)
rElec    .         Reflect  .   n - +0 cloak
rCorr    .         Harm     .   (no gloves)
MR       .....                  (no boots)
Stlth    ..........             (no amulet)
HPRegen  0.11/turn              g - ring of magical power
MPRegen  0.13/turn              (no ring)

@: mighty
A: antennae 1, magic shield
a: Renounce Religion


You were on level 3 of the Dungeon.
You worshipped Okawaru.
Okawaru was noncommittal.
You were not hungry.

You visited 1 branch of the dungeon, and saw 3 of its levels.

You collected 159 gold pieces.

Inventory:

Hand Weapons
 a - a +0 war axe (weapon)
Armour
 b - a +0 scale mail (worn)
 c - a +0 shield (worn)
 n - a +0 cloak (worn)
Jewellery
 g - a ring of magical power (left hand)
Scrolls
 e - a scroll of enchant armour {unknown}
 h - a scroll of identify
 i - a scroll of immolation
 k - a scroll of teleportation
 p - a scroll of fog {unknown}
 q - a scroll of fear {unknown}
 r - a scroll of blinking {unknown}
 s - 2 scrolls of remove curse
 u - a scroll of magic mapping {unknown}
 v - a scroll of amnesia {unknown}
Potions
 l - a potion of flight {unknown}
 m - a potion of brilliance {unknown}
 o - a potion of haste {unknown}
 w - a potion of resistance {unknown}
Comestibles
 f - 8 rations
 j - 5 chunks of flesh


   Skills:
 + Level 3.4 Fighting
 + Level 3.4 Axes
 + Level 3.0 Armour
 + Level 0.5 Dodging
 + Level 3.2 Shields


You had 3 spell levels left.
You didn't know any spells.
Your spell library contained the following spells:

 Spells                   Type           Power        Failure   Level  Hunger
 Animate Skeleton         Necr           N/A          99%         1    ##.....
 Apportation              Tloc           #.....       99%         1    ##.....
 Confusing Touch          Hex            #.....       99%         1    ##.....
 Summon Small Mammal      Summ           #...         99%         1    ##.....


Dungeon Overview and Level Annotations

Branches:
Dungeon (3/15)

Altars:
Nemelex Xobeh
Okawaru


Innate Abilities, Weirdness & Mutations

You have a pair of small antennae on your head.
When hurt, damage is shared between your health and your magic reserves.


Message History

You block the adder's attack. The adder bites you.
The adder bites you but does no damage.
You feel very mighty all of a sudden. You block the adder's attack.
You closely miss the adder. The adder bites you but does no damage.
You block the adder's attack.
You barely miss the adder. The adder bites you but does no damage.
The gnoll closely misses you. The gnoll hits you but does no damage.
You block the adder's attack.
You slice the adder!!
You kill the adder!
Okawaru accepts your kill. You block the gnoll's attack.
The gnoll hits you from afar with a +0 halberd!
* * * LOW HITPOINT WARNING * * *
The gnoll hits you from afar with a +0 spear.
* * * LOW HITPOINT WARNING * * *
The gnoll hits you with a +0 halberd!
You die...

...... #......$.# .#......
#......%.# .......$
#........#####...... ....
###........##........ ...
...........##.....## #.# ##
..........{##......#####.# #.
...........##............# #.
.....%....gg@.##รท........#
#.
......###..g..##.........###.
..... #.....##......(......
#... #.....##.........###^
#.. #.....##.........#..) #.
#.....##.........#... #
#.....##.........#..#
#.....##.........#..#
#.....##.........#..#


You could see 3 gnolls.

Vanquished Creatures
  3 gnolls (D:2)
  4 adders
  2 oozes
  2 dart slugs (D:2)
  2 leopard geckos (D:2)
  A giant cockroach (D:3)
  2 goblins (D:1)
  8 hobgoblins
  2 jackals (D:2)
  4 kobolds
  A quokka (D:2)
  A ball python (D:2)
  4 bats
  6 frilled lizards
  5 rats
47 creatures vanquished.

Notes
Turn   | Place    | Note
-------+----------+-------------------------------------------
     0 | D:1      | galech the Demonspawn Fighter began the quest for the Orb.
     0 | D:1      | Reached XP level 1. HP: 18/18 MP: 1/1
   292 | D:1      | Gained mutation: You have a pair of small antennae on your
                  | head. [demonic ancestry]
   292 | D:1      | Reached XP level 2. HP: 19/24 MP: 2/2
   691 | D:1      | Gained mutation: When hurt, damage is shared between your
                  | health and your magic reserves. [demonic ancestry]
   691 | D:1      | Reached XP level 3. HP: 13/29 MP: 3/3
  1031 | D:2      | Reached XP level 4. HP: 24/35 MP: 4/4
  1252 | D:2      | Found a sparkling altar of Nemelex Xobeh.
  1252 | D:2      | Found a transporter.
  1396 | D:2      | Found an iron altar of Okawaru.
  1410 | D:2      | Became a worshipper of Warmaster Okawaru
  1666 | D:3      | Slain by a gnoll

Vault maps used:
D:1:      ncdulo_lavacross, nrook_mini_vaults, fountainhead, minmay_fountain_box
D:2:      lemuel_round_altar, grunt_nemelex_the_gamble
D:3:      grunt_qazlal_sundering

Skill      XL: |  1  2  3  4 |
---------------+-------------+-----
Shields        | 3 |  3.2
Axes           | 2 3 |  3.4
Armour         | 3 |  3.0
Fighting       | |  3.4
Dodging        | |  0.5

Action                   |  1- 3 |  4- 6 || total
-------------------------+-------+-------++-------
Melee: War axe           |    87 |    64 ||   151
  Use: Scroll            |       |     5 ||     5
       Potion            |       |     1 ||     1
  Eat: Chunk             |     1 |     2 ||     3
Armor: Scale mail        |    34 |    27 ||    61
Dodge: Dodged            |    29 |    22 ||    51
Block: Shield            |    44 |    44 ||    88

Table legend:
 A = Non-vault XP
 B = Vault XP
 C = Vault XP percentage of total XP
 D = Non-vault monster count
 E = Vault monster count
 F = Vault count percentage of total count
                 A         B        C        D         E       F
            +---------+---------+-------+---------+---------+-------
      Total |     173 |       0 |   0.0 |      47 |       0 |   0.0
            +---------+---------+-------+---------+---------+-------
        D:1 |      19 |       0 |   0.0 |      13 |       0 |   0.0
        D:2 |     126 |       0 |   0.0 |      27 |       0 |   0.0
        D:3 |      28 |       0 |   0.0 |       7 |       0 |   0.0
            +---------+---------+-------+---------+---------+-------
